 Dungeon Crawl Stone Soup version 0.21.1-1-g345015fe64 (webtiles) character file.

61 RepoMan the Insei (level 3, -4/28 HPs)
             Began as a Draconian Transmuter on July 11, 2018.
             Slain by Robin
             ... wielding a +7 club
              (10 damage)
             ... on level 3 of the Dungeon.
             The game lasted 00:06:11 (1767 turns).

RepoMan the Insei (Draconian Transmuter)            Turns: 1767, Time: 00:06:11

Health: -4/28      AC:  6    Str: 12    XL:     3   Next: 83%
Magic:  2/6        EV: 12    Int: 13    God:
Gold:   81         SH:  0    Dex: 12    Spells: 0/6 levels left

rFire    . . .     SeeInvis .     - Unarmed
rCold    . . .     Gourm    .   (no shield)
rNeg     . . .     Faith    .   (armour unavailable)
rPois    .         Spirit   .   (helmet restricted)
rElec    .         Reflect  .   (no cloak)
rCorr    .         Harm     .   (no gloves)
MR       .....                  f - +0 pair of boots
Stlth    +.........             (no amulet)
HPRegen  0.09/turn              (no ring)
MPRegen  0.10/turn              (no ring)

@: no status effects
A: unfitting armour, cold-blooded, AC +5
a: no special abilities


You were on level 3 of the Dungeon.
You were not hungry.

You visited 1 branch of the dungeon, and saw 3 of its levels.

You collected 81 gold pieces.

Inventory:

Missiles
 a - 22 arrows
Armour
 f - a +0 pair of boots (worn)
Scrolls
 e - 2 scrolls of identify {unknown}
 g - 2 scrolls of teleportation {unknown}
 j - a scroll of remove curse {unknown}
 k - a scroll of amnesia {unknown}
Potions
 d - a potion of curing
 h - a potion of might {unknown}
 i - a potion of lignification {unknown}
Books
 b - a book of Changes

   Spells                             Type                      Level
   a - Beastly Appendage              Transmutation                1
   b - Sticks to Snakes               Transmutation                2
   c - Spider Form                    Transmutation/Poison         3
   d - Ice Form                       Ice/Transmutation            4
   e - Blade Hands                    Transmutation                5
Comestibles
 c - 5 rations


   Skills:
 - Level 1.1 Fighting
 - Level 1.7 Dodging
 * Level 3.8 Unarmed Combat
 + Level 2.4 Spellcasting
 * Level 3.0 Transmutations


You couldn't memorise any spells.
You knew the following spells:

 Your Spells              Type           Power        Failure   Level  Hunger
a - Beastly Appendage     Tmut           #.....       7%          1    #......
c - Spider Form           Tmut/Pois      #.........   36%         3    ###....
v - Sticks to Snakes      Tmut           #.......     11%         2    ###....


Dungeon Overview and Level Annotations

Branches:
Dungeon (3/15)

Altars:

Annotations:
D:3 Robin


Innate Abilities, Weirdness & Mutations

Your plain brown scales are hard. (AC +5)
You cannot fit into any form of body armour.
You are cold-blooded and may be slowed by cold attacks.


Message History

The hobgoblin hits you but does no damage.
You barely miss the hobgoblin.
The hobgoblin is moderately wounded.
You kill the bat!
You bite the hobgoblin!
You kill the hobgoblin!
You barely miss the hobgoblin. The hobgoblin closely misses you.
You hit the hobgoblin.
You kill the hobgoblin!
Robin says, "Duck!"
You hit Robin.
Robin is poisoned.
Robin is moderately wounded.
Robin hits you with an enchanted club.
* * * LOW HITPOINT WARNING * * *
You hit Robin but do no damage.
Robin looks as sick as possible!
Robin is moderately wounded.
Your transformation has ended.
Your +0 pair of boots unmelds from your body.
Robin hits you with an enchanted club!
You die...

......... #.. #.#####..
..# ## #.#####..# # #.#
... .........# #.#.# ..
.#############.#.###.#.#
................)......#.
.########## #w).......
.......# #g#.....#.
.#####.# #@###.g... .#
#.# #.# .... .# #.# #.#
### .#####.#########.#
.................#
######.###########
...............
######.######## ...#
#.#####


You could see a worm and Robin.

Vanquished Creatures
  2 adders (D:2)
  A worm (D:2)
  A leopard gecko (D:2)
  2 giant cockroaches (D:2)
  9 goblins
  8 hobgoblins
  3 bats
  2 frilled lizards
  2 kobolds
  A rat (D:2)
31 creatures vanquished.

Vanquished Creatures (collateral kills)
  An adder (D:2)
1 creature vanquished.

Grand Total: 32 creatures vanquished

Notes
Turn   | Place    | Note
-------+----------+-------------------------------------------
     0 | D:1      | RepoMan the Draconian Transmuter began the quest for the Orb.
     0 | D:1      | Reached XP level 1. HP: 16/16 MP: 3/3
   306 | D:2      | Reached XP level 2. HP: 7/23 MP: 3/5
   310 | D:2      | Learned a level 2 spell: Sticks to Snakes
  1024 | D:2      | Reached XP level 3. HP: 28/28 MP: 4/6
  1031 | D:2      | Learned a level 3 spell: Spider Form
  1740 | D:3      | Noticed Robin
  1767 | D:3      | Slain by Robin

Skill      XL: |  1  2  3 |
---------------+----------+-----
Transmutations | 3 |  3.0
Fighting       | |  1.1
Dodging        | |  1.7
Unarmed Combat | |  3.8
Spellcasting   | |  2.4

Action                   || total
-------------------------++-------
Melee: Unarmed           ||    85
       Headbutt          ||     7
       Tailslap          ||     6
 Cast: Beastly Appendage ||    11
       Sticks to Snakes  ||     3
       Spider Form       ||     2
  Use: Potion            ||     1
  Eat: Chunk             ||     3
Armor: Skin              ||    15
Dodge: Dodged            ||    48
